 Dungeon Crawl Stone Soup version 0.18.1-8-gdd0e5ea (webtiles) character file.

135 raph the Grave Robber (level 4, 0/36 HPs)
             Began as a Deep Dwarf Necromancer on May 27, 2016.
             Killed by divine providence
             ... invoked by an orc priest
              (10 damage)
             ... on level 3 of the Dungeon.
             The game lasted 00:06:35 (2802 turns).

raph the Grave Robber (Deep Dwarf Necromancer)      Turns: 2802, Time: 00:06:35

Health: 0/36       AC:  8    Str: 12    XL:     4   Next: 97%
Magic:  2/7        EV: 12    Int: 16    God:
Gold:   74         SH:  0    Dex: 13    Spells: 3 memorised, 2 levels left

rFire  . . .     SeeInvis +     q - +0 mace (crush)
rCold  . . .     Gourm    .     s - +2 leather armour {rN+}
rNeg   + . .     Faith    .     (no shield)
rPois  .         Spirit   .     o - +2 helmet {SInv}
rElec  .         Dismiss  .     (no cloak)
rCorr  .         Reflect  .     (no gloves)
SustAt .         Harm     .     (no boots)
MR     .....                    (no amulet)
Stlth  ++........               (no ring)
                                (no ring)

@: very slightly contaminated, non-regenerating, not resistant to hostile
enchantments, unstealthy
A: damage resistance, recharge devices, sense surroundings 1, slow regeneration
3
a: Device Recharging


You were on level 3 of the Dungeon.
You were very hungry.

You visited 1 branch of the dungeon, and saw 3 of its levels.

You collected 74 gold pieces.

Inventory:

Hand Weapons
 j - a +0 short sword
 q - a +0 mace of crushing (weapon)
Armour
 a - a +0 robe
 o - a +2 helmet of see invisible (worn)
 s - a +2 leather armour of positive energy (worn)
Wands
 c - a wand of heal wounds (4/9)
Scrolls
 f - a scroll of magic mapping {unknown}
 g - 3 scrolls of remove curse {unknown}
 h - 2 scrolls of fear {unknown}
 i - 2 scrolls of identify {unknown}
 m - 2 scrolls of recharging {unknown}
Potions
 e - a potion of curing {unknown}
 l - a potion of agility {unknown}
 n - 2 potions of haste {unknown}
 r - a potion of cancellation {unknown}
 t - a potion of degeneration {unknown}
Books
 b - a book of Necromancy

   Spells                             Type                      Level
   a - Pain                           Necromancy                   1
   b - Animate Skeleton               Necromancy                   1
   c - Vampiric Draining              Necromancy                   3
   d - Regeneration                   Charms/Necromancy            3
   e - Animate Dead                   Necromancy                   4
   f - Control Undead                 Necromancy                   4
Comestibles
 d - 3 bread rations
 k - a beef jerky
 p - a slice of pizza
 u - a meat ration


   Skills:
 + Level 1.0 Armour
 + Level 3.2 Dodging
 - Level 2.9 Stealth
 + Level 2.2 Spellcasting
 * Level 5.8 Necromancy


You had 2 spell levels left.
You knew the following spells:

 Your Spells              Type           Power        Failure   Level  Hunger
a - Pain                  Necr           ###.         2%          1    #......
b - Animate Skeleton      Necr           N/A          2%          1    #......
c - Vampiric Draining     Necr           ###.......   10%         3    ###....


Dungeon Overview and Level Annotations

Branches:
Dungeon (3/15)

Altars:
Okawaru
Qazlal

Annotations:
D:2 Sigmund


Innate Abilities, Weirdness & Mutations

You are resistant to damage.
You can recharge devices by infusing magical energy.
You passively map a small area around you.
You do not regenerate naturally.


Message History

Aiming: Pain
Press: ? - help, Shift-Dir - straight line, f/p - orc priest
Aim: an orc priest, wielding a trident and wearing a ring mail (moderately wounded, chance to defeat MR: 80%)
The orc convulses in agony!
The orc closely misses you.
The orc priest invokes the aid of Beogh against you.
Beogh smites you!
The orc priest calls upon Beogh to heal the orc.
The orc's wounds heal themselves!
The orc completely misses you.
You hit the orc.
The orc is heavily wounded.
The orc hits you but does no damage.
The orc priest hits you but does no damage.
The orc priest invokes the aid of Beogh against you.
Beogh smites you!
* * * LOW HITPOINT WARNING * * *
The orc priest looks braver for a moment.
The orc priest invokes the aid of Beogh against you.
Beogh smites you!
You die...

#,* #.##.#.#.#.# #.
#.#...<#.#.#
#.####.#.####.#.#
................#############
....................>..ZZ...#
#...............####.######.#
#####.#####..........o....#Z#
#..####......o.#.####.#Z#
#####..^.....#..@#.#....#.#.#
.......#####.#..<#.#.##.#.#.#
######.# #.#.#.....##.#.#.#
.......# .#.#.#.#.##.#.#.#
###....### .#o#........#.#.#
#..(...# #)#..##.####.#.#
###..#.#.# * #[#.....####.#.#
.....#.#.# * #.#...#......#.#
####.#.#.# #.#.....######.#


You could see an orc priest and an orc.

Vanquished Creatures
  An orc priest (D:3)
  4 adders (D:2)
  2 oozes (D:1)
  2 worms (D:2)
  2 dart slugs (D:1)
  An orc (D:3)
  6 bats
  2 giant cockroaches
  8 goblins
  7 hobgoblins (D:2)
  8 kobolds
  A quokka (D:2)
  3 giant newts (D:2)
  7 rats
54 creatures vanquished.

Vanquished Creatures (collateral kills)
  An orc (D:3)
  A goblin (D:2)
2 creatures vanquished.

Grand Total: 56 creatures vanquished

Notes
Turn   | Place    | Note
--------------------------------------------------------------
     0 | D:1      | raph the Deep Dwarf Necromancer began the quest for the Orb.
     0 | D:1      | Reached XP level 1. HP: 15/15 MP: 3/3
   120 | D:1      | Reached XP level 2. HP: 10/22 MP: 3/5
   124 | D:1      | Learned a level 1 spell: Animate Skeleton
   721 | D:1      | Reached XP level 3. HP: 13/28 MP: 2/6
   724 | D:1      | Reached skill level 5 in Necromancy
   894 | D:1      | Learned a level 3 spell: Vampiric Draining
   975 | D:2      | Noticed a water elemental
   982 | D:2      | Found a stormy altar of Qazlal.
   983 | D:2      | Noticed an earth elemental
   985 | D:2      | Noticed an air elemental
   985 | D:2      | Noticed a fire elemental
  1091 | D:2      | Found an iron altar of Okawaru.
  1796 | D:2      | Reached XP level 4. HP: 23/36 MP: 0/7
  2135 | D:2      | Noticed Sigmund
  2686 | D:3      | Reached skill level 1 in Armour
  2802 | D:3      | Killed from afar by an orc priest

Skill      XL: |  1  2  3  4 |
---------------+-------------+-----
Spellcasting   | 2 |  2.2
Necromancy     | 5 |  5.8
Dodging        | 3 |  3.2
Armour         | 1 |  1.0
Stealth        | |  2.9

Action                   |  1- 3 |  4- 6 || total
-------------------------+-------+-------++-------
Melee: Unarmed           |     4 |       ||     4
       Mace              |     5 |     5 ||    10
       Short sword       |     3 |       ||     3
 Cast: Pain              |    65 |    35 ||   100
       Animate Skeleton  |    12 |     6 ||    18
       Vampiric Draining |     7 |     6 ||    13
Evoke: Wand              |       |     1 ||     1
  Eat: Chunk             |     5 |     3 ||     8
Armor: Robe              |     6 |       ||     6
       Leather armour    |       |     9 ||     9
Dodge: Dodged            |    14 |    13 ||    27
